[Event "Rated Blitz game"]
[Site "?"]
[Date "2021.01.18"]
[Round "?"]
[White "Filemon64"]
[Black "Freiheitskaempfer"]
[Result "1-0"]
[ECO "C46"]
[WhiteElo "2407"]
[BlackElo "2313"]
[PlyCount "101"]
[EventDate "2021.??.??"]
[EventType "blitz"]
[TimeControl "180"]

1. e4 e5 2. Nc3 Nf6 3. Nf3 Nc6 4. Nxe5 Nxe5 5. d4 Nc6 6. d5 Bb4 7. dxc6 Nxe4 8.
Qd4 Qe7 9. Be2 O-O 10. O-O Nxc3 11. bxc3 Bc5 12. cxb7 Bxb7 13. Qd3 Be4 14. Qd1
d5 15. Bd3 Rfe8 16. Re1 Qf6 17. Be3 Qxc3 18. Bxe4 dxe4 19. Bxc5 Qxc5 20. Qe2 f5
21. Rab1 Rad8 22. Rb5 Qc3 23. Rxf5 Rd2 24. Qb5 Rdd8 25. Qe2 Rd2 26. Qb5 Red8
27. Qb3+ Qxb3 28. axb3 Rxc2 29. g3 Rf8 30. Rxf8+ Kxf8 31. Rxe4 Rc3 32. Ra4 Rxb3
33. Rxa7 Rc3 34. Kg2 h5 35. h4 Kf7 36. Ra5 g6 37. Re5 Kf6 38. Re8 c6 39. Kf1
Kf7 40. Rc8 Kf6 41. Ke2 Rc2+ 42. Ke3 Kf5 43. Rf8+ Ke5 44. Re8+ Kf5 45. Rc8 Ke5
46. Kf3 Kf5 47. Kg2 Ke5 48. Rf8 Ke6 49. Kf3 Ke5 50. Re8+ Kf6 51. Rc8 {Time
forfeit} 1-0

[Event "Rated Blitz tournament ynbu2pmN"]
[Site "?"]
[Date "2021.01.18"]
[Round "?"]
[White "kiborg2007"]
[Black "PowerThinking2650"]
[Result "1-0"]
[ECO "C46"]
[WhiteElo "2449"]
[BlackElo "2352"]
[PlyCount "45"]
[EventDate "2021.??.??"]
[EventType "blitz"]
[TimeControl "180"]

1. e4 e5 2. Nf3 Nc6 3. Nc3 Nf6 4. Nxe5 Nxe5 5. d4 Ng6 6. e5 Ng8 7. Bc4 d5 8.
Bxd5 c6 9. Bb3 Bb4 10. O-O Bxc3 11. bxc3 N8e7 12. Ba3 O-O 13. c4 a5 14. Re1 a4
15. d5 axb3 16. axb3 cxd5 17. Bxe7 Nxe7 18. Rxa8 d4 19. Re4 Nc6 20. b4 Qc7 21.
b5 Nxe5 22. Qxd4 Rd8 23. Rxe5 {Normal} 1-0

[Event "Rated Blitz game"]
[Site "?"]
[Date "2021.01.18"]
[Round "?"]
[White "Penguin2003"]
[Black "Verdik"]
[Result "1-0"]
[ECO "C46"]
[WhiteElo "2481"]
[BlackElo "2433"]
[PlyCount "49"]
[EventDate "2021.??.??"]
[EventType "blitz"]
[TimeControl "180+2"]

1. e4 e5 2. Nf3 Nc6 3. Nc3 Nf6 4. Nxe5 Nxe5 5. d4 Ng6 6. e5 Ng8 7. Bc4 d6 8.
Qf3 Be6 9. Qxb7 Be7 10. Bxe6 fxe6 11. Qc6+ Kf7 12. Qf3+ Ke8 13. Qc6+ Kf7 14.
Qf3+ Ke8 15. Be3 d5 16. Qh3 Kd7 17. Nxd5 Bg5 18. f4 Bh6 19. O-O-O N8e7 20. Nxe7
Kxe7 21. d5 exd5 22. Bc5+ Ke8 23. Qe6+ Ne7 24. Rxd5 Bxf4+ 25. Kb1 {Normal} 1-0

[Event "Rated Rapid tournament ENnX7NRd"]
[Site "?"]
[Date "2021.01.18"]
[Round "?"]
[White "slowchess2021"]
[Black "Mikhail-Stepanenko71"]
[Result "0-1"]
[ECO "C46"]
[WhiteElo "2516"]
[BlackElo "2224"]
[PlyCount "36"]
[EventDate "2021.??.??"]
[EventType "rapid"]
[TimeControl "600"]

1. e4 e5 2. Nf3 Nc6 3. Nc3 Nf6 4. Nxe5 Nxe5 5. d4 Ng6 6. e5 Bb4 7. exf6 Qxf6 8.
Be3 d5 9. Qd2 c6 10. O-O-O Bf5 11. Be2 h6 12. Kb1 O-O-O 13. a3 Ba5 14. Rhf1
Rhe8 15. g4 Bd7 16. f4 Qe7 17. b4 Qxe3 18. Qxe3 Rxe3 {Normal} 0-1

[Event "Rated Blitz tournament ynbu2pmN"]
[Site "?"]
[Date "2021.01.18"]
[Round "?"]
[White "kiborg2007"]
[Black "alegriblog"]
[Result "1-0"]
[ECO "C46"]
[WhiteElo "2463"]
[BlackElo "2335"]
[PlyCount "133"]
[EventDate "2021.??.??"]
[EventType "blitz"]
[TimeControl "180"]

1. e4 e5 2. Nf3 Nc6 3. Nc3 Nf6 4. Nxe5 Nxe5 5. d4 Ng6 6. e5 Ng8 7. Bc4 d6 8.
Qf3 Be6 9. Qxb7 Bxc4 10. Qc6+ Ke7 11. Qxc4 dxe5 12. Nd5+ Kd7 13. O-O Bd6 14.
Be3 e4 15. Nc3 Qh4 16. g3 Qg4 17. Qb5+ Kd8 18. Qb7 Rc8 19. Nxe4 Nh4 20. Nxd6
cxd6 21. Qxf7 Nf3+ 22. Kh1 Nf6 23. Bf4 Rc7 24. Qb3 Qh3 25. Qxf3 Ng4 26. Bg5+
Kd7 27. Qg2 Qh5 28. Bf4 Rxc2 29. h3 Re8 30. Rac1 Ree2 31. Rxc2 Rxc2 32. Kg1 Nf6
33. Re1 Re2 34. Rc1 Qd5 35. Qf1 Rxb2 36. Qd3 Rb7 37. Be3 Rc7 38. Rb1 Rb7 39.
Re1 Rb2 40. Qc3 Rb7 41. Qa3 Rc7 42. Qa4+ Qc6 43. Qd1 Qc2 44. Qf3 Qc6 45. Qf5+
Kd8 46. Bg5 Qd7 47. Bxf6+ gxf6 48. Qxf6+ Kc8 49. d5 Kb8 50. Rb1+ Rb7 51. Qf8+
Kc7 52. Rc1+ Kb6 53. Qf4 Rc7 54. Qb4+ Qb5 55. Rb1 Qxb4 56. Rxb4+ Kc5 57. Rf4
Kxd5 58. Kg2 Rc2 59. Rf3 Rxa2 60. Re3 Ra3 61. Rf3 Rxf3 62. Kxf3 Kd4 63. g4 Kd3
64. g5 Kd2 65. g6 Kd1 66. g7 Ke1 67. g8=Q {Time forfeit} 1-0

[Event "Rated Blitz game"]
[Site "?"]
[Date "2021.01.18"]
[Round "?"]
[White "Penguin2003"]
[Black "MWeedkiller"]
[Result "1-0"]
[ECO "C46"]
[WhiteElo "2401"]
[BlackElo "2516"]
[PlyCount "31"]
[EventDate "2021.??.??"]
[EventType "blitz"]
[TimeControl "180+2"]

1. e4 e5 2. Nf3 Nc6 3. Nc3 Nf6 4. Nxe5 Nxe5 5. d4 Nc6 6. d5 Nb8 7. e5 Ng8 8. d6
c6 9. Bc4 b5 10. Bb3 Qh4 11. Qf3 f6 12. Ne4 Nh6 13. exf6 gxf6 14. Nxf6+ Kd8 15.
Nxh7 Qg4 16. Qf6+ {Time forfeit} 1-0

[Event "Rated Blitz tournament 5Mmx6Mq3"]
[Site "?"]
[Date "2021.01.17"]
[Round "?"]
[White "FallschirmSpringer"]
[Black "BughouseKnight"]
[Result "1/2-1/2"]
[ECO "C46"]
[WhiteElo "2478"]
[BlackElo "2390"]
[PlyCount "48"]
[EventDate "2021.??.??"]
[EventType "blitz"]
[TimeControl "180+2"]

1. e4 e5 2. Nf3 Nc6 3. Nc3 Nf6 4. Nxe5 Nxe5 5. d4 Ng6 6. e5 Ng8 7. Bc4 d6 8.
Qf3 Be6 9. Qxb7 Rb8 10. Qc6+ Bd7 11. Qf3 Be6 12. Bb5+ Bd7 13. Bc4 Be6 14. Bb5+
Rxb5 15. Nxb5 dxe5 16. Qc6+ Bd7 17. Nxc7+ Ke7 18. Nd5+ Ke8 19. Nc7+ Ke7 20.
Qc5+ Kf6 21. Nd5+ Ke6 22. Nc7+ Kf6 23. Nd5+ Ke6 24. Nc7+ Kf6 {Normal} 1/2-1/2

[Event "Rated Blitz tournament 7wAC2Yvx"]
[Site "?"]
[Date "2021.01.17"]
[Round "?"]
[White "sloeber84"]
[Black "JohanDerksen"]
[Result "0-1"]
[ECO "C46"]
[WhiteElo "2224"]
[BlackElo "2619"]
[PlyCount "70"]
[EventDate "2021.??.??"]
[EventType "blitz"]
[TimeControl "180+2"]

1. e4 e5 2. Nf3 Nf6 3. Nc3 Nc6 4. Nxe5 Nxe5 5. d4 Nxe4 6. dxe5 Nxc3 7. bxc3 d6
8. Bc4 Be7 9. exd6 Qxd6 10. Qe2 O-O 11. O-O Qf6 12. Be3 Qxc3 13. Bd3 Bd6 14.
Rab1 Qe5 15. g3 b6 16. Rb5 c5 17. Qf3 Bd7 18. Rb3 Rac8 19. Bf4 Qf6 20. Qe4 g6
21. Bxd6 Qxd6 22. Bc4 Bc6 23. Qh4 Rce8 24. Rd3 Qe5 25. Re3 Qb2 26. Rxe8 Rxe8
27. Qf4 Qg7 28. Rd1 Qf8 29. Qc7 Rc8 30. Qxa7 b5 31. Be2 Qe8 32. Bf1 Qe4 33. f3
Qe3+ 34. Kg2 Qxf3+ 35. Kh3 Qh5# {Normal} 0-1

[Event "Rated Rapid tournament f0Y26lMM"]
[Site "?"]
[Date "2021.01.17"]
[Round "?"]
[White "Barretts_Gambiteer"]
[Black "dukicz123"]
[Result "0-1"]
[ECO "C46"]
[WhiteElo "2201"]
[BlackElo "2556"]
[PlyCount "44"]
[EventDate "2021.??.??"]
[EventType "rapid"]
[TimeControl "600+5"]

1. e4 e5 2. Nf3 Nc6 3. Nc3 Nf6 4. Nxe5 Nxe5 5. d4 Ng6 6. e5 Ng8 7. Bc4 d5 8.
Bxd5 N8e7 9. Bg5 Qd7 10. Be4 h6 11. Be3 Nf5 12. O-O Be7 13. Qd3 Nxe3 14. fxe3
O-O 15. Bd5 c6 16. Bc4 b5 17. Bb3 Qg4 18. h3 Qh5 19. Ne4 Nh4 20. Rf2 Qg6 21.
Raf1 Bf5 22. Rxf5 Qxg2# {Normal} 0-1

[Event "Rated Blitz game"]
[Site "?"]
[Date "2021.01.16"]
[Round "?"]
[White "Smetanov_N"]
[Black "Plaskett7"]
[Result "0-1"]
[ECO "C46"]
[WhiteElo "2323"]
[BlackElo "2596"]
[PlyCount "42"]
[EventDate "2021.??.??"]
[EventType "blitz"]
[TimeControl "180+2"]

1. e4 Nc6 2. Nc3 e5 3. Nf3 Nf6 4. Nxe5 Nxe5 5. d4 Nc6 6. d5 Ne5 7. f4 Ng6 8. e5
Bb4 9. exf6 Qxf6 10. Qf3 O-O 11. Bd2 Re8+ 12. Be2 Bxc3 13. Bxc3 Qxf4 14. O-O
Qxf3 15. Bxf3 d6 16. Rae1 Bf5 17. Bd1 Be4 18. Bf3 Bxc2 19. Rc1 Ba4 20. Bd4 Re7
21. Rc4 Bb5 {Normal} 0-1

[Event "Rated Blitz tournament G82GcPTB"]
[Site "?"]
[Date "2021.01.15"]
[Round "?"]
[White "Starinov"]
[Black "KolhozZaria"]
[Result "0-1"]
[ECO "C46"]
[WhiteElo "2397"]
[BlackElo "2432"]
[PlyCount "160"]
[EventDate "2021.??.??"]
[EventType "blitz"]
[TimeControl "180"]

1. e4 e5 2. Nf3 Nc6 3. Nc3 Nf6 4. Nxe5 Nxe5 5. d4 Nc6 6. d5 Bb4 7. dxc6 O-O 8.
Bd3 bxc6 9. O-O d5 10. exd5 cxd5 11. h3 h6 12. Qf3 c6 13. Bf4 Bd6 14. Rfe1 Rb8
15. b3 Rb4 16. Bxd6 Qxd6 17. Rad1 Be6 18. Na4 c5 19. c4 d4 20. Bb1 Bxc4 21. Nb2
Ba6 22. Bd3 Bxd3 23. Nxd3 Rbb8 24. Re5 Rbc8 25. Rc1 Nd7 26. Rd5 Qe7 27. Re1 Qd8
28. Qf5 Rc7 29. Ne5 Qf6 30. Nxd7 Qxf5 31. Rxf5 Rxd7 32. Rxc5 d3 33. Rd1 d2 34.
Rc2 Rfd8 35. Kf1 g6 36. Rc3 Kg7 37. Ke2 h5 38. h4 Re8+ 39. Re3 Red8 40. g3 Rd6
41. Rc3 R8d7 42. b4 Rd4 43. Rb3 Re7+ 44. Kf1 Red7 45. a4 a6 46. a5 R7d5 47. Ke2
Re5+ 48. Kf1 Red5 49. Rb2 Rd6 50. Ke2 R6d5 51. Rdxd2 Re4+ 52. Kd1 Rb5 53. Rd6
Rexb4 54. Rxb4 Rxb4 55. Rxa6 Ra4 56. Ke2 Ra3 57. Ra7 Ra2+ 58. Ke3 Ra3+ 59. Kf4
Ra4+ 60. Ke5 Ra2 61. f4 Rg2 62. a6 Rxg3 63. Rb7 Re3+ 64. Kd6 Ra3 65. Kc7 Kf6
66. a7 Kf5 67. Kb8 Kxf4 68. Rxf7+ Kg4 69. Rg7 Kxh4 70. Rxg6 Kh3 71. a8=Q Rxa8+
72. Kxa8 h4 73. Kb7 Kh2 74. Kc6 h3 75. Kd5 Kh1 76. Ke4 h2 77. Rb6 Kg2 78. Rb2+
Kg1 79. Kf3 h1=Q+ 80. Kg3 Qe4 {Time forfeit} 0-1

[Event "Rated Blitz game"]
[Site "?"]
[Date "2021.01.15"]
[Round "?"]
[White "venajalainen"]
[Black "RSUPE_MiRacLe"]
[Result "1-0"]
[ECO "C46"]
[WhiteElo "2734"]
[BlackElo "2645"]
[PlyCount "91"]
[EventDate "2021.??.??"]
[EventType "blitz"]
[TimeControl "180"]

1. e4 e5 2. Nf3 Nc6 3. Nc3 Nf6 4. Nxe5 Nxe5 5. d4 Ng6 6. e5 Ng8 7. Bc4 d5 8.
Bxd5 N8e7 9. Bb3 Nf5 10. Be3 Bb4 11. O-O O-O 12. Ne4 Qh4 13. Qf3 Be7 14. c3 h5
15. h3 c5 16. Kh2 cxd4 17. cxd4 Be6 18. Rad1 Rad8 19. Rd3 Nh6 20. Kg1 Bf5 21.
Nc5 Bxc5 22. Rd2 Be4 23. Qe2 Bb6 24. Bxh6 gxh6 25. g3 Qxh3 26. Qxe4 Qg4 27.
Qxg4 hxg4 28. Rfd1 Rd7 29. Kg2 Rfd8 30. e6 fxe6 31. Bxe6+ Kg7 32. Bxd7 Rxd7 33.
d5 Rd6 34. Re2 Kf6 35. Re4 h5 36. Rd3 Ne7 37. Rf4+ Kg5 38. Re4 Nxd5 39. Re5+
Kf6 40. Rexd5 Re6 41. Rxh5 Bc7 42. Rh6+ Kf7 43. Rxe6 Kxe6 44. Re3+ Kf5 45. Rd3
Bb6 46. Rc3 {Time forfeit} 1-0

[Event "Rated Blitz tournament 8IVHr6mo"]
[Site "?"]
[Date "2021.01.13"]
[Round "?"]
[White "championdemala"]
[Black "ivan1210"]
[Result "0-1"]
[ECO "C46"]
[WhiteElo "2329"]
[BlackElo "2456"]
[PlyCount "48"]
[EventDate "2021.??.??"]
[EventType "blitz"]
[TimeControl "180"]

1. e4 e5 2. Nf3 Nf6 3. Nc3 Nc6 4. Nxe5 Nxe5 5. d4 Nc6 6. e5 Ng8 7. Bc4 d6 8.
Qf3 Qe7 9. Nd5 Nxd4 10. Qe4 Qxe5 11. Qxe5+ dxe5 12. Nxc7+ Kd7 13. Nxa8 Nxc2+
14. Kd2 Nxa1 15. b3 Bb4+ 16. Kd3 Kc6 17. Bb2 Bf5+ 18. Ke3 Nc2+ 19. Kf3 Nf6 20.
Rc1 Bd2 21. Rd1 g5 22. Rxd2 h5 23. Bxe5 Bg4+ 24. Kg3 h4# {Normal} 0-1

[Event "Rated Blitz game"]
[Site "?"]
[Date "2021.01.13"]
[Round "?"]
[White "highway_star"]
[Black "Jakob19"]
[Result "1/2-1/2"]
[ECO "C46"]
[WhiteElo "2337"]
[BlackElo "2411"]
[PlyCount "31"]
[EventDate "2021.??.??"]
[EventType "blitz"]
[TimeControl "180"]

1. e4 e5 2. Nf3 Nf6 3. Nc3 Nc6 4. Nxe5 Nxe5 5. d4 Ng6 6. e5 Ng8 7. Bc4 d5 8.
Bxd5 N8e7 9. Bg5 h6 10. Qf3 Be6 11. Bxb7 Rb8 12. Bc6+ Bd7 13. Bd5 Be6 14. Bc6+
Bd7 15. Bd5 Be6 16. Bc6+ {Normal} 1/2-1/2

[Event "Rated Blitz game"]
[Site "?"]
[Date "2021.01.13"]
[Round "?"]
[White "Diring_E"]
[Black "chessforthemasses"]
[Result "1-0"]
[ECO "C46"]
[WhiteElo "2569"]
[BlackElo "2410"]
[PlyCount "109"]
[EventDate "2021.??.??"]
[EventType "blitz"]
[TimeControl "180+2"]

1. e4 e5 2. Nf3 Nc6 3. Nc3 Nf6 4. Nxe5 Nxe5 5. d4 Ng6 6. e5 Ng8 7. Qf3 d6 8.
Bc4 f6 9. O-O c6 10. Re1 Be7 11. exd6 Qxd6 12. d5 Ne5 13. Qg3 Nxc4 14. Bf4 Ne5
15. Qxg7 Bf5 16. Qxh8 O-O-O 17. dxc6 Qxc6 18. Bxe5 fxe5 19. Qxe5 Bg6 20. Rad1
Bd6 21. Qe6+ Kb8 22. g3 a6 23. Qd5 Ne7 24. Qxc6 Nxc6 25. Re6 Bc7 26. Rxd8+ Bxd8
27. Nd5 Bxc2 28. Re8 Kc8 29. Kg2 Kd7 30. Re1 a5 31. f3 a4 32. g4 Nd4 33. Ne3
Bg6 34. Rd1 Bf6 35. Nd5 Bg7 36. Nf4 Kc6 37. Nxg6 hxg6 38. f4 Ne6 39. f5 Nf4+
40. Kf3 g5 41. h4 Bxb2 42. hxg5 Nd5 43. g6 b5 44. g5 b4 45. f6 Nxf6 46. gxf6
Bxf6 47. Ke4 b3 48. a3 b2 49. Kf5 Bg7 50. Ke4 Kc5 51. Kd3 Kd5 52. Re1 Kd6 53.
Kc2 Kd7 54. Kb1 Bf6 55. Re4 {Normal} 1-0

[Event "Rated Blitz game"]
[Site "?"]
[Date "2021.01.11"]
[Round "?"]
[White "FallschirmSpringer"]
[Black "sanju1996d"]
[Result "1-0"]
[ECO "C46"]
[WhiteElo "2454"]
[BlackElo "2328"]
[PlyCount "113"]
[EventDate "2021.??.??"]
[EventType "blitz"]
[TimeControl "180"]

1. e4 e5 2. Nf3 Nc6 3. Nc3 Nf6 4. Nxe5 Nxe5 5. d4 Ng6 6. e5 Bb4 7. exf6 Qxf6 8.
Qe2+ Qe7 9. Bd2 c6 10. O-O-O d5 11. g3 O-O 12. f4 Qf6 13. Qf2 Re8 14. Kb1 Bf5
15. Nxd5 cxd5 16. Bxb4 Be4 17. Rg1 a5 18. Ba3 Rec8 19. Bd3 b5 20. Bc5 Bxd3 21.
Rxd3 Ne7 22. Bxe7 Qxe7 23. Re1 Qc7 24. Rde3 h6 25. f5 Ra6 26. Qe2 Rc6 27. Rc1
b4 28. Qd3 a4 29. Re2 b3 30. a3 Rc4 31. c3 Qd6 32. Rce1 Qf6 33. Re5 Qd6 34. Rc1
f6 35. Re6 Qc7 36. Qe3 Kh7 37. h4 Qb7 38. g4 Qf7 39. g5 fxg5 40. hxg5 Qxf5+ 41.
Ka1 Qxg5 42. Qxg5 hxg5 43. Rh1+ Kg8 44. Re5 Rf8 45. Rxg5 Rf2 46. Rhg1 Rc7 47.
Rxd5 Re7 48. Rb1 Ree2 49. Rd8+ Kf7 50. Rd7+ Kf6 51. Rc7 Kf5 52. Rxg7 Ke4 53.
Re7+ Kd3 54. Rxe2 Rxe2 55. d5 Kc4 56. Rd1 Rd2 57. Rxd2 {Normal} 1-0

[Event "Rated Blitz game"]
[Site "?"]
[Date "2021.01.11"]
[Round "?"]
[White "shuriks91"]
[Black "ChessHobbits99"]
[Result "1-0"]
[ECO "C46"]
[WhiteElo "2625"]
[BlackElo "2496"]
[PlyCount "55"]
[EventDate "2021.??.??"]
[EventType "blitz"]
[TimeControl "180"]

1. e4 e5 2. Nf3 Nf6 3. Nc3 Nc6 4. Nxe5 Bc5 5. Nd3 Bd4 6. g3 O-O 7. Bg2 d5 8.
O-O Bxc3 9. dxc3 dxe4 10. Nf4 Bg4 11. Qxd8 Raxd8 12. Be3 g5 13. Nh3 h6 14. Kh1
Rd7 15. Ng1 Rfd8 16. f3 exf3 17. Nxf3 Bxf3 18. Bxf3 Nd5 19. Bg1 Ne5 20. Be4 Nc4
21. Bf5 Re7 22. Bc5 Re2 23. Bd3 Nd2 24. Bxe2 Nxf1 25. Rxf1 b6 26. Bg1 Kg7 27.
Bd4+ f6 28. Bc4 {Normal} 1-0

[Event "Rated Blitz game"]
[Site "?"]
[Date "2021.01.11"]
[Round "?"]
[White "MityshevS"]
[Black "Shaginyan_A"]
[Result "0-1"]
[ECO "C46"]
[WhiteElo "2352"]
[BlackElo "2459"]
[PlyCount "102"]
[EventDate "2021.??.??"]
[EventType "blitz"]
[TimeControl "180"]

1. e4 e5 2. Nf3 Nf6 3. Nc3 Nc6 4. Nxe5 Nxe5 5. d4 Nc6 6. e5 d6 7. exf6 Qxf6 8.
Be3 Bf5 9. Nd5 Qd8 10. Bb5 Be7 11. Nxe7 Qxe7 12. d5 a6 13. Ba4 Qe4 14. dxc6
Qxa4 15. cxb7 Rb8 16. Qf3 Qe4 17. Qg3 O-O 18. O-O Rxb7 19. b3 Qxc2 20. Rfc1 Qe4
21. Rc4 Qe6 22. Rac1 c5 23. h3 Bg6 24. Rd1 Rd7 25. Bf4 Rfd8 26. Qf3 h6 27. Qg3
Qe2 28. Rd2 Qe6 29. Qf3 Qf5 30. Re2 Qb1+ 31. Rc1 Qf5 32. Rd2 Qf6 33. Qg3 d5 34.
Rxc5 d4 35. Rc4 d3 36. Be5 Qe6 37. Kh2 Rd5 38. Bf4 Rd4 39. Rc7 Qf5 40. Be3 R4d6
41. Ra7 Qe4 42. Qf3 Qb4 43. Re7 Rf6 44. Qe4 Bxe4 45. Rxe4 Qxe4 46. g3 Re8 47.
Kg1 Rd6 48. Kf1 Qf3 49. Ke1 Rxe3+ 50. fxe3 Qxe3+ 51. Kd1 Qg1# {Normal} 0-1

[Event "Rated Blitz tournament bZ3vyaLy"]
[Site "?"]
[Date "2021.01.11"]
[Round "?"]
[White "kiborg2007"]
[Black "ivanttip"]
[Result "0-1"]
[ECO "C46"]
[WhiteElo "2490"]
[BlackElo "2389"]
[PlyCount "88"]
[EventDate "2021.??.??"]
[EventType "blitz"]
[TimeControl "180"]

1. e4 e5 2. Nf3 Nc6 3. Nc3 Nf6 4. Nxe5 Nxe5 5. d4 d6 6. dxe5 dxe5 7. Qxd8+ Kxd8
8. f4 Bd6 9. f5 c6 10. Bg5 Kc7 11. Bxf6 gxf6 12. Bc4 Rf8 13. O-O-O b5 14. Bb3
a5 15. a3 b4 16. axb4 axb4 17. Ne2 Bc5 18. c3 Ba6 19. c4 Bb7 20. Ng3 Rg8 21.
Rhe1 Bf2 22. Re2 Bxg3 23. hxg3 Rxg3 24. Kc2 c5 25. Rh1 Rg7 26. Rh6 Ra6 27. Kd2
Rd6+ 28. Ke1 Rd4 29. Rxf6 Rxe4 30. Rxe4 Bxe4 31. g4 Kd7 32. Rh6 Rxg4 33. Rxh7
Ke7 34. Rh8 Bxf5 35. Rb8 Bd7 36. Rb7 Kd6 37. Rb6+ Kc7 38. Rf6 Rf4 39. Ra6 Rf3
40. Ba4 Bxa4 41. Rxa4 e4 42. Ke2 Rd3 43. Ra5 Kd6 44. Ra6+ Ke5 {Normal} 0-1

[Event "Rated Blitz tournament bZ3vyaLy"]
[Site "?"]
[Date "2021.01.11"]
[Round "?"]
[White "kiborg2007"]
[Black "Bilych"]
[Result "1-0"]
[ECO "C46"]
[WhiteElo "2474"]
[BlackElo "2319"]
[PlyCount "133"]
[EventDate "2021.??.??"]
[EventType "blitz"]
[TimeControl "180"]

1. e4 e5 2. Nf3 Nc6 3. Nc3 Nf6 4. Nxe5 Nxe5 5. d4 Bb4 6. dxe5 Nxe4 7. Qg4 d5 8.
Qxg7 Rf8 9. Bh6 Nxc3 10. bxc3 Bxc3+ 11. Kd1 Qe7 12. Rb1 Bxe5 13. Qxf8+ Qxf8 14.
Bxf8 Kxf8 15. Bd3 c6 16. Bxh7 Bd6 17. Re1 b5 18. a4 a6 19. axb5 axb5 20. Bd3
Be6 21. h3 Ke7 22. g3 Kd7 23. g4 b4 24. Bf5 c5 25. Kd2 Bf4+ 26. Kd3 Kd6 27.
Bxe6 fxe6 28. Ke2 Ra2 29. Kf3 Be5 30. Re2 Bd4 31. g5 c4 32. g6 b3 33. cxb3 Ra3
34. Rbe1 Rxb3+ 35. Kg2 e5 36. g7 Rb8 37. Rb1 Rg8 38. Rb7 e4 39. f3 Bxg7 40.
fxe4 Be5+ 41. Kf1 d4 42. Rb5 d3 43. Rd5+ Ke6 44. Ra2 Bf4 45. Ra6+ Ke7 46. Rc6
d2 47. Rxc4 Rb8 48. Ke2 Rb1 49. Rcd4 Re1+ 50. Kf3 Rf1+ 51. Kg4 Be3 52. Rd3 Re1
53. e5 Ke6 54. Kf3 Bh6 55. Kg4 Rg1+ 56. Kf3 Bf4 57. Kxf4 Rf1+ 58. Ke4 Rh1 59.
Kd4 Ke7 60. Rxd2 Kf7 61. Rd6 Ke7 62. Rf6 Ke8 63. Kd5 Ke7 64. Rd4 Rxh3 65. Rg4
Rf3 66. Rgg6 Rf4 67. Rg7+ {Time forfeit} 1-0

[Event "Rated Blitz tournament bZ3vyaLy"]
[Site "?"]
[Date "2021.01.11"]
[Round "?"]
[White "kiborg2007"]
[Black "PowerThinking2650"]
[Result "1-0"]
[ECO "C46"]
[WhiteElo "2474"]
[BlackElo "2354"]
[PlyCount "101"]
[EventDate "2021.??.??"]
[EventType "blitz"]
[TimeControl "180"]

1. e4 e5 2. Nf3 Nc6 3. Nc3 Nf6 4. Nxe5 Nxe5 5. d4 Ng6 6. e5 Ng8 7. Bc4 d5 8.
Bxd5 c6 9. Bb3 Bb4 10. O-O Bxc3 11. bxc3 N8e7 12. f4 h5 13. a4 Bf5 14. Ba3 h4
15. c4 Qd7 16. d5 h3 17. d6 hxg2 18. Rf2 Ng8 19. c5 Nh6 20. Qd4 Ng4 21. Rxg2
Nh4 22. Rg3 Nxh2 23. e6 fxe6 24. Qxg7 N2f3+ 25. Kf2 O-O-O 26. Qxd7+ Rxd7 27.
Rxf3 Nxf3 28. Kxf3 Rh2 29. Rg1 Rdh7 30. Rg8+ Kd7 31. Ke3 R7h3+ 32. Kd4 Rd2+ 33.
Ke5 Rh6 34. Rg7+ Ke8 35. Rxb7 Re2+ 36. Kd4 Re4+ 37. Kc3 Rh3+ 38. Kb2 a5 39.
Re7+ Kf8 40. Rc7 Rd4 41. Rxc6 Be4 42. Rc7 Bd5 43. d7 Ke7 44. c6+ Rb4 45. Bxb4+
axb4 46. Rc8 Rh8 47. Rxh8 Bxc6 48. d8=Q+ Kf7 49. Rf8+ Kg6 50. Qf6+ Kh5 51. Qg5#
{Normal} 1-0

[Event "Rated Blitz game"]
[Site "?"]
[Date "2021.01.10"]
[Round "?"]
[White "Diring_E"]
[Black "Todorovic1991"]
[Result "1-0"]
[ECO "C46"]
[WhiteElo "2569"]
[BlackElo "2534"]
[PlyCount "117"]
[EventDate "2021.??.??"]
[EventType "blitz"]
[TimeControl "180+2"]

1. e4 e5 2. Nf3 Nc6 3. Nc3 Nf6 4. Nxe5 Nxe5 5. d4 Nc6 6. d5 Nb8 7. e5 Bb4 8.
exf6 Qxf6 9. Bd2 O-O 10. Be2 d6 11. a3 Ba5 12. O-O Bb6 13. Bd3 Bf5 14. Qf3 Bxd3
15. Qxf6 gxf6 16. cxd3 Nd7 17. Ne4 Kg7 18. Rac1 f5 19. Ng3 Kg6 20. a4 a5 21.
Rc4 Rfe8 22. Rh4 Re5 23. Rh6+ Kg7 24. Nh5+ Kg8 25. Bc3 Rxd5 26. Nf4 Re5 27. d4
Re4 28. Nd5 Re6 29. Rh5 c6 30. Nf4 Re4 31. Rg5+ Kf8 32. Rxf5 d5 33. Nh5 Rae8
34. Ng3 R4e6 35. Nh5 Rg6 36. g3 Re4 37. Rd1 Bc7 38. h4 f6 39. Kf1 Kf7 40. f3
Re8 41. Kf2 Nf8 42. g4 Nd7 43. g5 Re6 44. f4 Kg8 45. Kf3 h6 46. Rg1 hxg5 47.
hxg5 fxg5 48. fxg5 Re8 49. Nf6+ Nxf6 50. Rxf6 Rxf6+ 51. gxf6+ Kf8 52. Kg4 Re2
53. Kf5 Bd8 54. Rg6 Kf7 55. Rg7+ Kf8 56. Rxb7 Rf2+ 57. Ke6 Rxf6+ 58. Kd7 Rf7+
59. Kxc6 {Normal} 1-0

[Event "Rated Blitz game"]
[Site "?"]
[Date "2021.01.10"]
[Round "?"]
[White "FallschirmSpringer"]
[Black "Rubyjunior"]
[Result "1-0"]
[ECO "C46"]
[WhiteElo "2469"]
[BlackElo "2379"]
[PlyCount "51"]
[EventDate "2021.??.??"]
[EventType "blitz"]
[TimeControl "180"]

1. e4 e5 2. Nf3 Nc6 3. Nc3 Nf6 4. Nxe5 Nxe5 5. d4 Ng6 6. e5 Ng8 7. Bc4 d5 8.
Bxd5 N8e7 9. Bg5 h6 10. Qf3 Be6 11. Bxb7 hxg5 12. Bxa8 Qxd4 13. O-O Nxe5 14.
Qb7 Qh4 15. h3 Nc8 16. Qb5+ Nd7 17. Bc6 Bd6 18. Rae1 Kd8 19. Rxe6 fxe6 20. Bxd7
Nb6 21. Bxe6 Qf4 22. g3 Qf3 23. Bg4 Qf6 24. Nd5 Qe5 25. c4 Nxd5 26. Qd7# {
Normal} 1-0

[Event "Rated Blitz tournament tTKHqcSO"]
[Site "?"]
[Date "2021.01.10"]
[Round "?"]
[White "Henry940622"]
[Black "Flo_55"]
[Result "1-0"]
[ECO "C46"]
[WhiteElo "2256"]
[BlackElo "2490"]
[PlyCount "73"]
[EventDate "2021.??.??"]
[EventType "blitz"]
[TimeControl "300"]

1. e4 e5 2. Nf3 Nc6 3. Nc3 Nf6 4. Nxe5 Nxe5 5. d4 Nc6 6. d5 Bb4 7. dxc6 bxc6 8.
Bd3 O-O 9. O-O d5 10. exd5 cxd5 11. Bg5 c6 12. Qf3 Bd6 13. Bf5 Bxf5 14. Qxf5
Rb8 15. b3 Re8 16. Bxf6 Qxf6 17. Qxf6 gxf6 18. Na4 Re2 19. c3 Rbe8 20. g3 f5
21. b4 Kg7 22. a3 Kf6 23. Kg2 h5 24. h4 f4 25. Kh3 f3 26. g4 R8e4 27. gxh5 Rf4
28. Rae1 Kf5 29. Nc5 Bxc5 30. bxc5 Rfe4 31. Rb1 Rc4 32. Rb4 Rxc3 33. Kg3 Rxa3
34. Rf4+ Ke6 35. h6 Re5 36. h7 Rh5 37. Re1+ {Normal} 1-0

[Event "Rated Blitz tournament zTSq1Izt"]
[Site "?"]
[Date "2021.01.10"]
[Round "?"]
[White "Pepeoutai"]
[Black "Sammalvuo"]
[Result "0-1"]
[ECO "C46"]
[WhiteElo "2415"]
[BlackElo "2551"]
[PlyCount "54"]
[EventDate "2021.??.??"]
[EventType "blitz"]
[TimeControl "180+1"]

1. e4 e5 2. Nf3 Nc6 3. Nc3 Nf6 4. Nxe5 Nxe5 5. d4 d6 6. dxe5 dxe5 7. Qxd8+ Kxd8
8. Bc4 Bb4 9. Bg5 Ke7 10. O-O c6 11. f4 Bd6 12. Rad1 Be6 13. Bxe6 fxe6 14.
Bxf6+ gxf6 15. f5 Bc5+ 16. Kh1 Bd4 17. Rd3 Rad8 18. Rg3 exf5 19. exf5 Rhg8 20.
Rh3 Rg7 21. Ne4 Bxb2 22. Nc5 Rd2 23. g4 Rxc2 24. Ne6 Rxg4 25. Rxh7+ Kd6 26.
Rd1+ Bd4 27. Rxb7 Rh4 {Normal} 0-1

[Event "Rated Blitz game"]
[Site "?"]
[Date "2021.01.10"]
[Round "?"]
[White "Smetanov_N"]
[Black "Ashtangi"]
[Result "0-1"]
[ECO "C46"]
[WhiteElo "2338"]
[BlackElo "2410"]
[PlyCount "38"]
[EventDate "2021.??.??"]
[EventType "blitz"]
[TimeControl "180+2"]

1. e4 e5 2. Nf3 Nc6 3. Nc3 Nf6 4. Nxe5 Nxe5 5. d4 Nc6 6. d5 Bb4 7. dxc6 Bxc3+
8. bxc3 Nxe4 9. cxd7+ Bxd7 10. Bd3 Bc6 11. Ba3 Qd5 12. Qg4 f5 13. Qxg7 O-O-O
14. Qd4 Qg8 15. Qxa7 Qxg2 16. O-O-O Nd6 17. Rhg1 Qxh2 18. Rg7 Qh6+ 19. f4 Qxg7
{Normal} 0-1

[Event "Rated Blitz game"]
[Site "?"]
[Date "2021.01.09"]
[Round "?"]
[White "Ebuhurejra"]
[Black "DiogenesSinopeus"]
[Result "0-1"]
[ECO "C46"]
[WhiteElo "2352"]
[BlackElo "2492"]
[PlyCount "54"]
[EventDate "2021.??.??"]
[EventType "blitz"]
[TimeControl "180"]

1. e4 e5 2. Nf3 Nc6 3. Nc3 Nf6 4. Nxe5 Nxe5 5. d4 Ng6 6. e5 Ng8 7. Bc4 d5 8.
Bxd5 c6 9. Bb3 Be6 10. Bxe6 fxe6 11. O-O Bb4 12. Ne4 Nh6 13. c3 Be7 14. Qh5 O-O
15. Bxh6 gxh6 16. Qxh6 Rf5 17. Qe3 Qf8 18. Ng3 Bg5 19. Qd3 Rf7 20. Rae1 Re8 21.
Ne4 Nf4 22. Qg3 Rg7 23. Nxg5 h6 24. Re4 hxg5 25. h4 Qf5 26. Qf3 Rf8 27. g3 Nh3+
{Normal} 0-1